 Dungeon Crawl Stone Soup version 0.14.2 (console) character file.

262 FIQ the Fey Demonspawn (level 5, -1/40 HPs)
             Began as a Demonspawn Death Knight on Feb 3, 2016.
             Was a Believer of Yredelemnul.
             Slain by an orc wizard
             ... wielding a +0,+0 trident
              (7 damage)
             ... on Level 3 of the Dungeon.
             The game lasted 00:06:45 (2222 turns).

FIQ the Fey Demonspawn (Demonspawn Death Knight)    Turns: 2222, Time: 00:06:45

HP  -1/40        AC  8     Str 13      XL: 5   Next:  8%
MP   9/9         EV 11     Int 13      God: Yredelemnul [**....]
Gold 115         SH  0     Dex 13      Spells:  0 memorised,  4 levels left

rFire  . . .     SeeInvis .     i - +0,+1 hand axe (elec)
rCold  . . .     Clarity  .     b - +0 leather armour
rNeg   . . .     Conserve .     (no shield)
rPois  .         rCorr    .     (helmet restricted)
rElec  .         rRot     .     (no cloak)
SustAb . .       Spirit   .     m - +0 pair of gloves
rMut   .         Warding  .     (no boots)
Saprov . . .     Stasis   .     (no amulet)
MR     .....                    (no ring)
                                (no ring)

@: confused, not resistant to hostile enchantments, extremely unstealthy
A: antennae 1, iridescent scales 1
a: Animate Remains, Recall Undead Slaves, Injury Mirror, Renounce Religion


You were on level 3 of the Dungeon.
You worshipped Yredelemnul.
Yredelemnul was pleased with you.
You were very hungry.

You visited 1 branch of the dungeon, and saw 3 of its levels.

You collected 115 gold pieces.

Inventory:

Hand weapons
 a - a +1,+1 mace
 i - a +0,+1 hand axe of electrocution (weapon)
Armour
 b - a +0 leather armour (worn)
 f - a +0 ring mail
 m - a +0 pair of gloves (worn)
Comestibles
 c - 2 bread rations
 d - 11 strawberries
 l - a rambutan
 t - a rotting chunk of hobgoblin flesh
Scrolls
 g - 2 scrolls of identify
 h - a scroll of recharging
 j - a scroll of remove curse {unknown}
 n - a scroll of amnesia {unknown}
Jewellery
 e - an uncursed ring of fire


   Skills:
 + Level 2.8 Fighting
 * Level 2.3 Axes
 - Level 2.2 Maces & Flails
 + Level 2.0 Armour
 + Level 1.6 Dodging
 + Level 4.6 Invocations


You had 4 spell levels left.
You didn't know any spells.

Dungeon Overview and Level Annotations

Branches:
Dungeon (3/15)

Altars:
Elyvilon
Zin
The Shining One


Innate Abilities, Weirdness & Mutations

You have a pair of small antennae on your head.
You are partially covered in iridescent scales (AC +4).


Message History

Yredelemnul accepts your kill.
You have reached level 5!
Something hits you but does no damage.
Ouch! You hear some strange, mumbled words.
You are more confused.
Ouch! You hear some strange, mumbled words.
You are more confused.
Ouch! Something hits you.
* * * LOW HITPOINT WARNING * * *
You aren't carrying any potions.
You're too confused!
Ouch! Something hits you but does no damage.
Ouch! Something hits you.
* * * LOW HITPOINT WARNING * * *
Ouch! Something hits you but does no damage.
You miss something. Something hits you!
You die...
Your body rises from the dead as a mindless zombie.

####.#...######..###.###
#.#.%.# ##..# #.#...#
#...# #.#...# #...#
#.#...# #...###.##.#.
#.###.#####............
#. #.........###....#. .
..........# ..#
.........# . ......##)#
..?.. #@# ..... #{# ..
#.# #.# #.# #.# #.# ..#
..#


There were no monsters in sight!

Vanquished Creatures
  A giant frog zombie (D:3)
  An orc wizard (D:3)
  3 adders
  A giant gecko (D:1)
  2 orcs (D:3)
  A ball python (D:1)
  11 bats
  4 giant cockroaches
  5 goblins
  7 hobgoblins
  4 jackals (D:1)
  7 kobolds
  A quokka (D:2)
  5 giant newts
  7 rats
60 creatures vanquished.

Notes
Turn   | Place    | Note
--------------------------------------------------------------
     0 | D:1      | FIQ, the Demonspawn Death Knight, began the quest for the Orb.
     0 | D:1      | Reached XP level 1. HP: 16/16 MP: 2/2
    24 | D:1      | Reached skill level 1 in Armour
   195 | D:1      | Reached skill level 1 in Dodging
   217 | D:1      | Gained mutation: You have a pair of small antennae on your head. [demonic ancestry]
   217 | D:1      | Reached XP level 2. HP: 17/22 MP: 4/4
   488 | D:1      | Gained mutation: You are partially covered in iridescent scales (AC +4). [demonic ancestry]
   488 | D:1      | Reached XP level 3. HP: 12/27 MP: 5/5
   806 | D:1      | Acquired Yredelemnul's second power
   863 | D:1      | Reached skill level 4 in Invocations
  1549 | D:2      | Reached skill level 1 in Axes
  1566 | D:2      | Reached XP level 4. HP: 32/34 MP: 7/7
  1655 | D:2      | Found a glowing silver altar of Zin.
  1655 | D:2      | Found a white marble altar of Elyvilon.
  1656 | D:2      | Found a glowing golden altar of the Shining One.
  2215 | D:3      | Reached XP level 5. HP: 12/40 MP: 9/9
  2222 | D:3      | Slain by an orc wizard

Action                   |  1- 3 |  4- 6 || total
-------------------------+-------+-------++-------
Melee: Mace              |   118 |       ||   118
       Hand axe          |    35 |    38 ||    73
  Use: Potion            |     3 |     2 ||     5
       Scroll            |     2 |       ||     2
